 Dungeon Crawl Stone Soup version 0.29-a0-553-g81b289dbe5 (webtiles) character file.

Game seed: 6811135628697578011

888 thriggle the Chiller (level 8, -7/58 HPs)
             Began as a Barachi Ice Elementalist on June 6, 2022.
             Was a Believer of Qazlal.
             Killed by an exploding Grinder (40 damage)
             ... ignited by their inner flame
             ... on level 3 of the Dungeon.
             The game lasted 00:18:49 (4472 turns).

thriggle the Chiller (Barachi Ice Elementalist)     Turns: 4472, Time: 00:18:50

Health: -7/58      AC:  6    Str: 11    XL:     8   Next: 6%
Magic:  5/13       EV: 13    Int: 17    God:    Qazlal [**....]
Gold:   122        SH:  2    Dex: 12    Spells: 3/14 levels left

rFire   x . .      SeeInvis .   x - +3 dagger
rCold   + . .      Faith    .   (no shield)
rNeg    . . .      Spirit   .   p - +2 robe of Supple Strength {Harm}
rPois   .          Reflect  .   (no helmet)
rElec   .          Harm     +   h - +0 cloak
rCorr   .          Rampage  .   j - +0 pair of gloves
Will    .....                   (no boots)
Stlth   ++........              (no amulet)
HPRegen 0.19/turn               l - ring of ice
MPRegen 0.13/turn               (no ring)

@: mighty, slow
A: amphibious, slowness 1, strong legs 1, +LOS
a: Hop, Renounce Religion, Upheaval


You were on level 3 of the Dungeon.
You worshipped Qazlal.
Qazlal was pleased with you.
You visited 1 branch of the dungeon, and saw 6 of its levels.

You collected 122 gold pieces.

Inventory:

Hand Weapons
 e - a +0 dagger
 x - a +3 dagger (weapon)
Missiles
 f - 134 stones (quivered)
 u - 3 boomerangs
 v - 8 poisoned darts
Armour
 a - a +0 robe
 h - a +0 cloak (worn)
 j - a +0 pair of gloves (worn)
 p - the +2 robe of Supple Strength (worn) {Harm}
   (You found it on level 2 of the Dungeon)

   Harm:      It increases damage dealt and taken.
 r - a +0 kite shield
Magical Staves
 i - a staff of cold
Jewellery
 g - an amulet of guardian spirit
 l - a ring of ice (left hand)
 t - an amulet of the acrobat
 y - a +6 ring of strength
Wands
 z - a wand of paralysis (3)
Scrolls
 d - a scroll of poison
Potions
 b - 2 potions of magic
 c - 2 potions of flight
 n - a potion of attraction {unknown}
 o - 3 potions of curing {unknown}
 q - a potion of resistance {unknown}
 w - a potion of lignification {unknown}


   Skills:
 + Level 3.2 Fighting
 - Level 1.0 Short Blades
 + Level 2.2 Staves
 + Level 2.5 Throwing
 + Level 2.0 Armour
 + Level 3.7 Dodging
 - Level 2.6 Stealth
 + Level 1.9 Shields
 + Level 3.5 Spellcasting
 + Level 2.1 Conjurations
 + Level 6.2 Ice Magic
 + Level 1.6 Invocations
 + Level 2.0 Evocations


You had 3 spell levels left.
You knew the following spells:

 Your Spells              Type           Power      Damage    Failure   Level
a - Freeze                Ice            100%       1d11      1%          1
b - Ozocubu's Armour      Ice            36%        N/A       3%          3
c - Frozen Ramparts       Ice            72%        1d9       3%          3
d - Hailstorm             Conj/Ice       25%        3d7       30%         4

Your spell library contained the following spells:

 Spells                   Type           Power      Damage    Failure   Level
 Blink                    Tloc           6%         N/A       26%         2
 Call Canine Familiar     Summ           3%         N/A       45%         3
 Portal Projectile        Hex/Tloc       6%         N/A       45%         3
 Leda's Liquefaction      Hex/Erth       1%         N/A       86%         4
 Manifold Assault         Tloc           3%         N/A       99%         5
 Storm Form               Tmut/Air       1%         N/A       100%        7


Dungeon Overview and Level Annotations

Branches:
Dungeon (6/15)             Temple (0/1) D:6

Altars:
Dithmenos
Makhleb
Nemelex Xobeh
Qazlal
Uskayaw
Yredelemnul
Beogh

Shops:
D:3 !

Annotations:
D:3 2 runed translucent doors, vulpzor's ghost, amateur GrEE
D:4 3 runed translucent doors, Sylvie's ghost, amateur FoFi


Innate Abilities, Weirdness & Mutations

You are amphibious.
You cover ground slowly.
You can hop short distances.
You have an extended range of vision and can be seen from far away.


Message History

You completely miss something.
The wall freezes something.
Something barely misses you.
You hit something but do no damage.
The wall freezes something.
Something hits you but does no damage.
You swing at nothing.
The wall freezes something but does no damage.
Something hits you but does no damage.
You barely miss something. You barely miss something.
The frozen ramparts melt away.
Something hits you but does no damage.
You hit something. Something hits you!
You writhe in agony.
The air fills with toxic fumes!
As you read the scroll labelled UME DO XAITSU, it crumbles to dust.
It was a scroll of poison.
Something hits you but does no damage.
Casting: Hailstorm (quite dangerous; 30% risk of failure)
Confirm with . or Enter, or press ? or * to list all spells.
Okay, then.
As you read the scroll labelled POICKU OROGG, it crumbles to dust.
The creatures around you are filled with an inner flame!
It was a scroll of immolation.
Something tries to affect you, but you resist.
As you read the scroll labelled PAOQO USMADI, it crumbles to dust.
The scroll dissolves into smoke.
It was a scroll of fog.
Something hits you but does no damage.
Okay, then.
It was a potion of might.
You feel very mighty all of a sudden. Something hits you but does no damage.
Your icy armour will break if you move.
Continue?
Okay, then.
You puncture something! Qazlal accepts your kill.
Reactivating autopickup.
You feel a bit more experienced.
Grinder explodes!
The fiery explosion engulfs you!!
Your icy armour melts away.
The fire burns you terribly!
Ouch! That really hurt!
You die...

§#######........
§§..............
§####........###
§§.............†
§###.......#.### §#
#.......#.... §#
#.......#####
##########§###.......#####
#§§§§§§§§@§§§##+###.......
##§#######§#§# +.......
#.# §# #....... #.# §#
#......÷ #.# §# #.......
#.# §# #......# #.# §#
#....... #.# ## ##....##
#.# #......


There were no monsters in sight!

Vanquished Creatures
  Grinder (D:3)
  A water moccasin (D:6)
  A black bear (D:4)
  A necrophage (D:4)
  3 scorpions
  2 hounds
  A jelly (D:5)
  Jessica (D:3)
  Natasha (thrice) (D:2)
  Ijyb (D:3)
  2 orc wizards (D:4)
  8 adders
  A worm (D:3)
  2 dart slugs
  6 orcs
  9 bats
  12 endoplasms
  3 giant cockroaches
  14 goblins
  6 hobgoblins
  3 jackals (D:3)
  11 kobolds
  8 quokkas
  9 ball pythons
  4 frilled lizards
  2 rats
115 creatures vanquished.

Vanquished Creatures (others)
  8 plants (D:4)
8 creatures vanquished.

Grand Total: 123 creatures vanquished

Notes
Turn   | Place    | Note
-------+----------+-------------------------------------------
     0 | D:1      | thriggle the Barachi Ice Elementalist began the quest for
                  | the Orb.
     0 | D:1      | Reached XP level 1. HP: 13/13 MP: 3/3
   203 | D:1      | Reached XP level 2. HP: 19/19 MP: 3/5
   260 | D:1      | Reached skill level 5 in Ice Magic
   534 | D:1      | Reached XP level 3. HP: 25/25 MP: 4/6
   538 | D:1      | Learned a level 3 spell: Ozocubu's Armour
   780 | D:1      | Reached skill level 1 in Fighting
   993 | D:2      | Reached XP level 4. HP: 23/32 MP: 0/7
  1108 | D:2      | Learned a level 3 spell: Frozen Ramparts
  1142 | D:2      | Reached skill level 1 in Throwing
  1366 | D:2      | Reached skill level 1 in Short Blades
  1738 | D:2      | Identified the +2 robe of Supple Strength {Harm}
  1815 | D:2      | Noticed Natasha
  1819 | D:2      | Killed Natasha
  1968 | D:2      | Noticed Natasha
  1970 | D:2      | Killed Natasha
  1971 | D:2      | Reached XP level 5. HP: 38/38 MP: 6/9
  2048 | D:2      | Noticed Natasha
  2059 | D:2      | Killed Natasha
  2212 | D:2      | Reached skill level 1 in Staves
  2297 | D:3      | Noticed Jessica
  2299 | D:3      | Found a faded altar of an unknown god.
  2302 | D:3      | Killed Jessica
  2376 | D:3      | Prayed at the altar of an unknown god.
  2376 | D:3      | Became a worshipper of Qazlal Stormbringer
  2376 | D:3      | Reached * piety under Qazlal
  2569 | D:3      | Found Ucverom's Distillery.
  2689 | D:3      | Reached XP level 6. HP: 43/44 MP: 8/10
  2724 | D:3      | Learned a level 4 spell: Hailstorm
  2745 | D:3      | You fall into a shaft and drop 3 floors!
  2752 | D:6      | Noticed a water moccasin
  2753 | D:6      | Found a burning altar of Makhleb.
  2760 | D:6      | Killed a water moccasin
  2761 | D:6      | Reached skill level 1 in Conjurations
  3057 | D:5      | Entered Level 5 of the Dungeon
  3062 | D:5      | Reached skill level 1 in Shields
  3062 | D:5      | Reached skill level 1 in Evocations
  3136 | D:5      | Reached skill level 1 in Armour
  3155 | D:5      | Reached XP level 7. HP: 49/51 MP: 0/11
  3180 | D:5      | Reached skill level 1 in Invocations
  3358 | D:4      | Reached skill level 6 in Ice Magic
  3365 | D:4      | Found a shadowy altar of Dithmenos.
  3393 | D:4      | Found a runed translucent gate.
  3393 | D:4      | Found a runed translucent gate.
  3393 | D:4      | Found a runed translucent gate.
  3403 | D:4      | Identified the +12 plate armour of Exclusion {Regen+ Str+5
                  | Slay-5 SInv}
  3404 | D:4      | Noticed Sylvie's ghost (amateur FoFi)
  3457 | D:4      | Reached ** piety under Qazlal
  3584 | D:4      | Found a sparkling altar of Nemelex Xobeh.
  3684 | D:4      | Reached XP level 8. HP: 58/58 MP: 1/13
  3812 | D:4      | Identified the +1 leather armour of the Wumpus {Int+5
                  | Slay+5 Stlth-}
  4110 | D:3      | Noticed Ijyb
  4111 | D:3      | Paralysed by Ijyb for 3 turns
  4119 | D:3      | Killed Ijyb
  4246 | D:3      | Found a large runed translucent door.
  4247 | D:3      | Found a large runed translucent door.
  4250 | D:3      | Noticed vulpzor's ghost (amateur GrEE)
  4272 | D:3      | Found a basalt altar of Yredelemnul.
  4294 | D:3      | Found a hide-covered altar of Uskayaw.
  4448 | D:3      | Noticed Grinder
  4472 | D:3      | Killed Grinder
  4472 | D:3      | Killed by an exploding Grinder... ignited by their inner
                  | flame

Illustrated notes

Levels and vault maps discovered:
D:1:      lemuel_arrival_cross, layout_rooms
D:2:      layout_basic, uniq_natasha
D:3:      layout_basic, nicolae_uskayaw_murder_on_the_dancefloor,
          yredelemnul_altar_generic, ebering_ghost_disaster_area,
          nicolae_ecumenical_snake_handling, serial_shops, shop, uniq_grinder,
          uniq_ijyb, uniq_jessica
D:4:      layout_basic, nicolae_dithmenos_shadow_blocks,
          mainiacjoe_overflow_surrounded_room, biasface_ghost_orc_armoury,
          serial_bayou_ford_a, kennysheep_generic_room_9
D:5:      layout_gridville, kennysheep_little_box, ashenzari_altar_1,
          nicolae_ru_sacrificial_ziggurat, minmay_misc_feat_chi,
          nicolae_shop_overcharged_wands, uniq_pikel
D:6:      layout_basic, nicolae_overflow_crystal_walls,
          minmay_temple_entry_ruins, grunt_ministairs_5, uniq_sigmund

Skill      XL: |  1  2  3  4  5  6  7  8 |
---------------+-------------------------+-----
Stealth        | 2 |  2.6
Ice Magic      | 5 6 |  6.2
Fighting       | 1 2 3 |  3.2
Throwing       | 1 2 |  2.5
Short Blades   | 1 |  1.0
Dodging        | 3 |  3.7
Staves         | 1 2 |  2.2
Spellcasting   | 3 |  3.5
Conjurations   | 1 2 |  2.1
Shields        | 1 |  1.9
Evocations     | 1 2 |  2.0
Armour         | 1 2 |  2.0
Invocations    | 1 |  1.6

Action                   |  1- 3 |  4- 6 |  7- 9 || total
-------------------------+-------+-------+-------++-------
Melee: Dagger            |    23 |     8 |    11 ||    42
       Staff             |       |    20 |    38 ||    58
Throw: Stone             |     2 |     8 |    18 ||    28
 Cast: Freeze            |    47 |    30 |     6 ||    83
       Frozen Ramparts   |       |    18 |    13 ||    31
       Ozocubu's Armour  |       |     4 |     8 ||    12
       Hailstorm         |       |       |     1 ||     1
 Abil: Hop               |       |       |     1 ||     1
  Use: Scroll            |     2 |     2 |     3 ||     7
       Potion            |       |       |     1 ||     1
 Stab: Sleeping          |     4 |     1 |       ||     5
Armor: Robe              |    14 |    12 |    24 ||    50
Dodge: Dodged            |    23 |    27 |    24 ||    74
Block: Other             |       |     2 |     4 ||     6

Table legend: (Time is in decaauts)
 A = Elapsed time spent in this place.
 B = Non-inter-level travel time spent in this place.
 C = Inter-level travel time spent in this place.
 D = Time resting spent in this place.
 E = Time spent auto-exploring this place.
 F = Levels seen in this place.
 G = Mean time per level.
                   A        B        C        D        E       F      G
               +--------+--------+--------+--------+--------+-----+--------+
         Total |   4942 |   4836 |    106 |    864 |   2553 |   6 |  823.7 |
       Dungeon |   4942 |   4836 |    106 |    864 |   2553 |   6 |  823.7 |
               +--------+--------+--------+--------+--------+-----+--------+

Top non-repeatable levels by time:
     D:2: 1515 daAuts
     D:1: 1034 daAuts
     D:4: 1007 daAuts
     D:3: 920 daAuts
     D:6: 317 daAuts
     D:5: 147 daAuts
